 Dungeon Sprint DCSS version 0.20-a0-556-g892c87b (webtiles) character file.

5411 dvd the Cleaver (level 10, -16/101 HPs)
             Began as a Minotaur Fighter on Feb 4, 2017.
             Was a High Priest of Okawaru.
             Demolished by a spriggan defender
             ... wielding a +4 quick blade
              (23 damage)
             ... in the Dungeon (Sprint IV: "Fedhas' Mad Dash").
             The game lasted 00:09:03 (2597 turns).

dvd the Cleaver (Minotaur Fighter)                  Turns: 2597, Time: 00:09:04

Health: -16/101    AC: 10    Str: 20    XL:     10   Next: 40%
Magic:  11/13      EV: 14    Int:  6    God:    Okawaru [*****.]
Gold:   201        SH: 14    Dex: 13    Spells: 9/9 levels left

rFire    . . .     SeeInvis .   r - +6 long sword (drain)
rCold    . . .     Gourm    .   b - +0 scale mail
rNeg     . . .     Faith    .   c - +0 shield
rPois    .         Spirit   .   (helmet restricted)
rElec    .         Reflect  .   (no cloak)
rCorr    .         Harm     .   (no gloves)
MR       .....     NoTele   +   (no boots)
Stlth    ++........             n - amulet of invisibility {+Inv}
Regen    0.3/turn               (no ring)
                                (no ring)

@: heroism
A: retaliatory headbutt, horns 2
a: Heroism, Finesse, Renounce Religion, Evoke Invisibility


You were in the Dungeon.
You worshipped Okawaru.
Okawaru was extremely pleased with you.
You were hungry.

You visited 1 branch You collected 201 gold pieces.

Inventory:

Hand Weapons
 a - a +0 war axe
 r - a +6 long sword of draining (weapon)
Armour
 b - a +0 scale mail (worn)
 c - a +0 shield (worn)
Magical Staves
 q - an uncursed staff of energy
Jewellery
 n - the amulet of invisibility (around neck) {+Inv}
   (You found it in the Dungeon)

   [amulet of nothing]

   It lets you turn invisible.
Scrolls
 k - a scroll of blinking
 l - a scroll of remove curse {unknown}
 m - a scroll of immolation {unknown}
 p - a scroll of amnesia {unknown}
 s - 2 scrolls of identify {unknown}
Potions
 e - a potion of curing
 h - a potion of haste
 i - 2 potions of magic
 j - a potion of agility {unknown}
 o - a potion of flight {unknown}
 u - a potion of cure mutation {unknown}
Books
 g - the Compendium of Earth and Hexes
   (You found it in the Dungeon)

   Spells                             Type                      Level
   a - Confusing Touch                Hexes                        1
   b - Spectral Weapon                Hexes/Charms                 3
   c - Fulminant Prism                Conjuration/Hexes            4
   d - Iron Shot                      Conjuration/Earth            6
   e - Invisibility                   Hexes                        6
 t - a book of Unlife

   Spells                             Type                      Level
   a - Recall                         Summoning/Translocation      3
   b - Animate Dead                   Necromancy                   4
   c - Control Undead                 Necromancy                   4
   d - Cigotuvi's Embrace             Necromancy                   5
   e - Death Channel                  Necromancy                   6
   f - Simulacrum                     Ice/Necromancy               6
Comestibles
 d - a royal jelly
 f - a bread ration


   Skills:
 + Level 13.6(18.6) Fighting
 + Level 10.6(15.6) Long Blades
 + Level 14.4(19.4) Axes
 + Level 13.0(18.0) Armour
 + Level 3.0(8.0) Dodging
 + Level 1.4(6.4) Stealth
 + Level 11.4(16.4) Shields
 + Level 3.6 Invocations
 + Level 5.8 Evocations


You had 9 spell levels left.
You didn't know any spells.

Dungeon Overview and Level Annotations

Branches:
Dungeon (1/1)

Altars:
Cheibriados
Dithmenos
Elyvilon
Gozag
Hepliaklqana
Kikubaaqudgha
Makhleb
Nemelex Xobeh
Okawaru
Qazlal
Ru
Sif Muna
Trog
Uskayaw
Vehumet
Xom
Yredelemnul
Zin
The Shining One
Beogh
Jiyva
Lugonu

Shops:
D *(}=*(


Innate Abilities, Weirdness & Mutations

You reflexively headbutt those who attack you in melee.
You have a pair of horns on your head.


Message History

The spriggan defender blocks your attack.
The spriggan defender is moderately wounded.
The spriggan defender hits you with an enchanted quick blade!
The spriggan defender hits you with an enchanted quick blade!!
You slash the spriggan defender!
The spriggan defender is heavily wounded.
You block the spriggan defender's attack.
The spriggan defender blocks your attack.
The spriggan defender is heavily wounded.
The spriggan defender hits you with an enchanted quick blade.
The spriggan defender hits you with an enchanted quick blade!
* * * LOW HITPOINT WARNING * * *
The spriggan defender blocks your attack.
The spriggan defender is heavily wounded.
The spriggan defender hits you with an enchanted quick blade!!
* * * LOW HITPOINT WARNING * * *
You hit the spriggan defender.
The spriggan defender is heavily wounded.
The spriggan defender hits you with an enchanted quick blade!!
You die...

_._._._..#.(##∩∩.'...####
._._._.⌠.#############
#############
♣..♣.###.'..+
.♣..♣##..#..#
♣.♣).###.##'#
♣...♣'...#♣)♣###
##########)....####
#..♣..♣..@.#
#...♣......♣i..♣
.......♣.....∩.∩...=#
#####################


You could see a spriggan defender.

Vanquished Creatures
  Agnes (D)
  A spriggan berserker (D)
  A spriggan druid (D)
  3 oklob plants (D)
  A queen bee (D)
  3 burning bushes (D)
  3 wandering mushrooms (D)
  2 scorpions (D)
  4 killer bees (D)
  5 oklob saplings (D)
  A worker ant (D)
  2 spriggans (D)
  A river rat (D)
  A rat (D)
  A ballistomycete (D)
  A ballistomycete spore (D)
  A fungus (D)
32 creatures vanquished.

Notes
Turn   | Place    | Note
-------+----------+-------------------------------------------
     0 | D        | dvd the Minotaur Fighter began the quest for the Orb.
     0 | D        | Reached XP level 1. HP: 19/19 MP: 0/0
    13 | D        | Reached XP level 2. HP: 8/28 MP: 1/1
   236 | D        | Noticed an oklob sapling
   240 | D        | Reached skill level 5 in Fighting
   240 | D        | Reached skill level 3 in Axes
   240 | D        | Reached skill level 5 in Armour
   240 | D        | Reached skill level 5 in Shields
   240 | D        | Reached XP level 3. HP: 7/37 MP: 2/2
   485 | D        | Killed an oklob sapling
   508 | D        | Found an opulent altar of Gozag.
   508 | D        | Found a hazy altar of Hepliaklqana.
   508 | D        | Found a roughly hewn altar of Beogh.
   508 | D        | Found a snail-covered altar of Cheibriados.
   509 | D        | Found a viscous altar of Jiyva.
   509 | D        | Found a burning altar of Makhleb.
   509 | D        | Found a sparkling altar of Nemelex Xobeh.
   509 | D        | Found a sacrificial altar of Ru.
   509 | D        | Found a deep blue altar of Sif Muna.
   509 | D        | Found a bloodstained altar of Trog.
   509 | D        | Found a shimmering altar of Xom.
   509 | D        | Found a basalt altar of Yredelemnul.
   509 | D        | Noticed an oklob sapling priest
   510 | D        | Found an iron altar of Okawaru.
   510 | D        | Found a shadowy altar of Dithmenos.
   510 | D        | Found a glowing silver altar of Zin.
   511 | D        | Found a hide-covered altar of Uskayaw.
   511 | D        | Found an ancient bone altar of Kikubaaqudgha.
   512 | D        | Found a glowing golden altar of the Shining One.
   512 | D        | Found a stormy altar of Qazlal.
   512 | D        | Found a white marble altar of Elyvilon.
   513 | D        | Found a radiant altar of Vehumet.
   513 | D        | Found a corrupted altar of Lugonu.
   519 | D        | Killed an oklob sapling priest
   519 | D        | Reached skill level 4 in Axes
   519 | D        | Reached XP level 4. HP: 47/47 MP: 1/3
   522 | D        | Became a worshipper of Warmaster Okawaru
   548 | D        | Reached XP level 5. HP: 52/52 MP: 4/4
   588 | D        | Reached skill level 5 in Axes
   588 | D        | Reached skill level 1 in Evocations
   615 | D        | Reached skill level 6 in Axes
   615 | D        | Reached XP level 6. HP: 55/62 MP: 4/6
   633 | D        | Found Fojouso's Antique Weapon Shop.
   633 | D        | Found Mitut's General Store.
   642 | D        | Noticed a burning bush
   642 | D        | Noticed a wandering mushroom
   643 | D        | Noticed a wandering mushroom
   797 | D        | Killed a wandering mushroom
   797 | D        | Reached * piety under Okawaru
   797 | D        | Reached skill level 8 in Axes
   797 | D        | Reached skill level 10 in Armour
   800 | D        | Killed a wandering mushroom
   800 | D        | Reached skill level 10 in Fighting
   800 | D        | Reached XP level 7. HP: 52/72 MP: 6/8
   808 | D        | Killed a burning bush
   808 | D        | Reached ** piety under Okawaru
   808 | D        | Reached skill level 10 in Axes
   877 | D        | Noticed a queen bee
   893 | D        | Killed a queen bee
   893 | D        | Reached XP level 8. HP: 36/82 MP: 7/9
   898 | D        | Reached skill level 11 in Axes
  1210 | D        | Noticed an oklob plant
  1224 | D        | Killed an oklob plant
  1224 | D        | Reached skill level 12 in Axes
  1224 | D        | Reached skill level 10 in Shields
  1224 | D        | Reached skill level 1 in Invocations
  1271 | D        | Found Ifovou's General Store.
  1272 | D        | Found Iskulaci's Antique Weapon Emporium.
  1329 | D        | Noticed a burning bush
  1360 | D        | Killed a burning bush
  1360 | D        | Reached *** piety under Okawaru
  1382 | D        | Noticed a burning bush
  1382 | D        | Noticed an oklob plant
  1383 | D        | Noticed a wandering mushroom
  1594 | D        | Killed a burning bush
  1594 | D        | Reached skill level 13 in Axes
  1594 | D        | Reached skill level 1 in Dodging
  1594 | D        | Reached XP level 9. HP: 74/90 MP: 7/11
  1606 | D        | Killed an oklob plant
  1614 | D        | Reached **** piety under Okawaru
  1619 | D        | Identified the Compendium of Earth and Hexes
  1880 | D        | Noticed a spriggan druid
  1893 | D        | Killed a spriggan druid
  1893 | D        | Reached skill level 5 in Long Blades
  1893 | D        | Reached skill level 14 in Axes
  1893 | D        | Reached skill level 5 in Evocations
  2021 | D        | Noticed an oklob plant conjurer
  2040 | D        | Killed an oklob plant conjurer
  2040 | D        | Reached skill level 1 in Stealth
  2166 | D        | Noticed Agnes
  2182 | D        | Killed Agnes
  2182 | D        | Reached ***** piety under Okawaru
  2182 | D        | Reached XP level 10. HP: 42/101 MP: 10/13
  2183 | D        | Found Naqub's Gadget Emporium.
  2183 | D        | Noticed a spriggan berserker
  2184 | D        | Noticed a death yak
  2197 | D        | HP: 2/101 [spriggan berserker/flail (20)]
  2198 | D        | Killed a spriggan berserker
  2198 | D        | Reached skill level 10 in Long Blades
  2585 | D        | Found Jaogunolel's Jewellery Shoppe.
  2586 | D        | Noticed a spriggan defender
  2597 | D        | Demolished by a spriggan defender

Vault maps used:
D:        dungeon_sprint_fedhas

Skill      XL: |  1  2  3  4  5  6  7  8  9 10 |
---------------+-------------------------------+-----
Fighting       | 4 5 7 8 10 11 12 13 | 13.6
Armour         | 4 5 7 8 10 11 12 13 | 13.0
Shields        | 4 5 6 7 8 9 10 11 | 11.4
Axes           | 3 4 6 8 10 13 14 | 14.4
Evocations     | 1 2 3 4 5 |  5.8
Invocations    | 1 3 |  3.6
Dodging        | 1 2 3 |  3.0
Long Blades    | 9 10 | 10.6
Stealth        | 1 |  1.4

Action                   |  1- 3 |  4- 6 |  7- 9 | 10-12 || total
-------------------------+-------+-------+-------+-------++-------
Melee: War axe           |    14 |    22 |    44 |       ||    80
       Headbutt          |     4 |     6 |    24 |     3 ||    37
       Long sword        |       |       |    55 |    20 ||    75
Invok: Heroism           |       |       |     8 |     1 ||     9
 Abil: Evoke Invisibilit |     1 |     1 |     2 |       ||     4
  Use: Potion            |     1 |     1 |     1 |       ||     3
  Eat: Royal jelly       |       |       |     2 |       ||     2
       Chunk             |       |       |     1 |     1 ||     2
Armor: Scale mail        |     3 |     4 |     8 |     3 ||    18
Dodge: Dodged            |     2 |     6 |    21 |     5 ||    34
Block: Shield            |     3 |     6 |    40 |     8 ||    57
       Rpst.: Long sword |       |       |     4 |     2 ||     6
